 Dungeon Crawl Stone Soup version 0.26.1-11-gd32895ea62 (webtiles) character file.

Game seed: 7333257735456973047

6080 MisterFreud the Grappler (level 10, -2/100 HPs)
             Began as a Troll Monk on May 20, 2021.
             Slain by an orc warrior
             ... wielding a +0 war axe
              (20 damage)
             ... in a bailey.
             The game lasted 00:08:44 (5293 turns).

MisterFreud the Grappler (Troll Monk)               Turns: 5293, Time: 00:08:45

Health: -2/100     AC:  6    Str: 21    XL:     10   Next: 58%
Magic:  9/9        EV: 14    Int:  6    God:
Gold:   369        SH:  5    Dex: 15    Spells: 9/9 levels left

rFire    + . .     SeeInvis .     - Unarmed
rCold    . . .     Faith    .   (no shield)
rNeg     . . .     Spirit   .   a - +0 robe
rPois    .         Reflect  +   (helmet restricted)
rElec    .         Harm     .   q - +0 cloak
rCorr    .         Rampage  .   (gloves unavailable)
Will     .....                  (boots unavailable)
Stlth    ++........             o - amulet of reflection
HPRegen  0.66/turn              x - ring of protection from fire
MPRegen  0.11/turn              (no ring)

@: no status effects
A: large, unfitting armour, claws 3, horns 1, deformed body, regeneration 1,
shaggy fur 1, tough skin 3
a: no special abilities


You were in a bailey.
You visited 2 branches of the dungeon, and saw 8 of its levels.
You also visited: Bailey.

You collected 369 gold pieces.

Inventory:

Missiles
 w - 22 boomerangs (quivered)
Armour
 a - a +0 robe (worn)
 q - a +0 cloak (worn)
Jewellery
 o - an amulet of reflection (around neck)
 x - a ring of protection from fire (left claw)
Wands
 s - a wand of enslavement (10)
 u - a wand of digging (8)
 v - a wand of paralysis (8)
 A - a wand of iceblast (6)
Scrolls
 d - 8 scrolls of teleportation
 e - a scroll of enchant weapon
 f - 2 scrolls of immolation
 i - 2 scrolls of remove curse
 r - a scroll of blinking
 B - a scroll of fear
Potions
 c - 2 potions of curing
 m - 2 potions of heal wounds
 n - a potion of lignification {unknown}
 p - a potion of ambrosia {unknown}
 t - 2 potions of attraction
 z - a potion of brilliance {unknown}
 D - a potion of might {unknown}


   Skills:
 - Level 6.9 Fighting
 + Level 7.7 Throwing
 + Level 7.1 Dodging
 - Level 1.0 Stealth
 + Level 10.6 Unarmed Combat


You had 9 spell levels left.
You didn't know any spells.
Your spell library contained the following spells:

 Spells                   Type           Power        Failure   Level
 Foxfire                  Conj/Fire      0%           45%         1
 Sting                    Tmut/Pois      0%           45%         1
 Poisonous Vapours        Pois/Air       0%           58%         2
 Conjure Flame            Conj/Fire      0%           83%         3
 Ignite Poison            Fire/Tmut/Pois 0%           83%         3
 Inner Flame              Hex/Fire       0%           83%         3
 Mephitic Cloud           Conj/Pois/Air  0%           83%         3
 Olgreb's Toxic Radiance  Pois           0%           99%         4
 Sticky Flame             Conj/Fire      0%           99%         4
 Fireball                 Conj/Fire      0%           100%        5


Dungeon Overview and Level Annotations

Branches:
Dungeon (7/15)             Temple (1/1) D:7          Bailey (1/1)

Altars:
Dithmenos
Makhleb
Nemelex Xobeh
Okawaru
Qazlal
Ru
Sif Muna
Trog
Wu Jian

Shops:
D:6 =

Annotations:
D:6 exclusion: moth of wrath


Innate Abilities, Weirdness & Mutations

You are too large for most types of armour.
You have claws for hands.
Your natural rate of healing is unusually fast.
You are covered in fur. (AC +1)
You have extremely tough skin. (AC +3)
You have a pair of small horns on your head.
Armour fits poorly on your strangely shaped body.


Message History

It was a potion of resistance.
You feel protected. The orc warrior closely misses you.
You block the orc warrior's attack.
A goblin comes into view. It is wielding a +0 war axe.
It was a potion of mutation.
You feel extremely strange.
Your body twists and deforms.
A pair of horns grows on your head!
The hobgoblin hits you with a +0 war axe.
* * * LOW HITPOINT WARNING * * *
The orc warrior hits you but does no damage.
You block the orc warrior's attack.
It was a potion of cancellation.
Your magical effects are unravelling.
You feel magically purged.
Your resistance to elements expires.
The sentinel's mark upon you fades away.
The orc warrior hits you with a +0 hand axe.
* * * LOW HITPOINT WARNING * * *
The hobgoblin misses you.
The orc warrior hits you with a +0 war axe!!
You die... .≈.≈K ##≈.≈## K≈g≈K

#'###≈.≈###+#
#∩KKK≈g≈K..∩#
##)## ##ggg##


#8goo8# ##@oo## ##8## ### You could see 3 orc warriors, 3 gnolls, an orc, 2
hobgoblins, a goblin and a kobold.

Vanquished Creatures
  The ghost of infcreate the Skirmisher, a novice HuBe of Trog (D:5)
  Grinder (D:6)
  2 ice beasts
  6 orc warriors
  2 phantoms
  2 sky beasts
  3 ogres
  2 centaurs
  3 bullfrogs
  A big kobold (D:7)
  2 scorpions
  A howler monkey (D:4)
  3 orc priests
  2 hounds
  A jelly (D:6)
  A bullfrog skeleton (D:5)
  10 orc wizards
  2 gnoll shamans
  3 iguanas
  5 worker ants
  2 hound skeletons
  10 gnolls
  6 adders
  2 shadow imps (D:5)
  A white imp (D:5)
  3 ufetubi (D:6)
  3 oozes
  2 adder skeletons (D:4)
  8 worms
  2 dart slugs
  4 leopard geckos
  21 orcs
  A ball python (D:2)
  3 giant cockroaches
  12 goblins
  12 hobgoblins
  13 jackals
  17 kobolds
  9 bats
  3 frilled lizards
  A jackal skeleton (D:7)
  2 quokka skeletons
  10 rats
200 creatures vanquished.

Vanquished Creatures (others)
  14 plants
14 creatures vanquished.

Grand Total: 214 creatures vanquished

Notes
Turn   | Place    | Note
-------+----------+-------------------------------------------
     0 | D:1      | MisterFreud the Troll Monk began the quest for the Orb.
     0 | D:1      | Reached XP level 1. HP: 22/22 MP: 0/0
    66 | D:1      | Reached XP level 2. HP: 29/29 MP: 1/1
   166 | D:1      | Reached skill level 4 in Unarmed Combat
   364 | D:1      | Reached XP level 3. HP: 36/36 MP: 2/2
  1018 | D:2      | Reached XP level 4. HP: 37/44 MP: 3/3
  1053 | D:2      | Reached skill level 5 in Unarmed Combat
  1096 | D:2      | Found a sparkling altar of Nemelex Xobeh.
  2044 | D:4      | Reached XP level 5. HP: 50/50 MP: 4/4
  2049 | D:4      | Reached skill level 6 in Unarmed Combat
  2105 | D:4      | Found a sacrificial altar of Ru.
  2198 | D:4      | Reached XP level 6. HP: 55/59 MP: 5/5
  2200 | D:4      | Reached skill level 7 in Unarmed Combat
  2497 | D:4      | Found a shadowy altar of Dithmenos.
  2555 | D:4      | Reached skill level 8 in Unarmed Combat
  2555 | D:4      | Reached XP level 7. HP: 28/66 MP: 6/6
  2904 | D:5      | Entered Level 5 of the Dungeon
  3044 | D:5      | Found a runed translucent door.
  3044 | D:5      | Noticed infcreate's ghost (novice HuBe)
  3044 | D:5      | You fall into a shaft and drop 1 floor!
  3226 | D:6      | Noticed Grinder
  3244 | D:6      | Killed Grinder
  3245 | D:6      | Reached XP level 8. HP: 22/78 MP: 7/7
  3418 | D:6      | Found Rigroid's Jewellery Shoppe.
  3541 | D:6      | Reached skill level 5 in Fighting
  3541 | D:6      | Reached skill level 5 in Dodging
  3541 | D:6      | Reached skill level 1 in Throwing
  3907 | D:5      | Reached XP level 9. HP: 82/88 MP: 8/8
  4001 | D:5      | Found an iron altar of Okawaru.
  4161 | D:5      | Killed infcreate's ghost
  4162 | D:5      | Reached skill level 5 in Throwing
  4244 | D:5      | Reached skill level 10 in Unarmed Combat
  4244 | D:5      | Reached XP level 10. HP: 100/100 MP: 9/9
  4263 | D:6      | Found a shadowy altar of Dithmenos.
  4448 | D:6      | Noticed a moth of wrath
  4452 | D:6      | Found a bloodstained altar of Trog.
  5031 | D:7      | Found a staircase to the Ecumenical Temple.
  5056 | Temple   | Entered the Ecumenical Temple
  5163 | D:7      | Found a stormy altar of Qazlal.
  5211 | D:7      | Found a flagged portal.
  5230 | Bailey   | Entered a bailey
  5292 | Bailey   | Gained mutation: Armour fits poorly on your strangely
                  | shaped body. [potion of mutation]
  5292 | Bailey   | Gained mutation: You have a pair of small horns on your
                  | head. [potion of mutation]
  5293 | Bailey   | Slain by an orc warrior

Illustrated notes

Levels and vault maps discovered:
D:1:      dpeg_arrival_rooms_c, layout_basic, lexackson_kobold_supper
D:2:      layout_rooms, nemelex_xobeh_ov_fountains_minmay
D:3:      layout_basic
D:4:      wad_lake_hut, layout_cave_pools, nicolae_ru_great_annihilating_truth,
          grunt_dithmenos_smoke
D:5:      layout_basic, old_standard_altar, hellmonk_ghost_happy_afterlife,
          grunt_ministairs_6, kennysheep_boxes
D:6:      layout_cave_pools, overflow_temple_1_default, tgw_trog, serial_shops,
          shop, chequers_avenue, kennysheep_pointless_box, uniq_grinder
D:7:      layout_basic, lemuel_coloured_pillars_altar,
          minmay_temple_entry_offerings, enter_bailey_5
Temple:   oiseaux_autumnal_temple
Bailey:   bailey_axe_1, bailey

Skill      XL: |  1  2  3  4  5  6  7  8  9 10 |
---------------+-------------------------------+-----
Unarmed Combat | 4 5 6 8 10 | 10.6
Dodging        | 4 5 6 7 |  7.1
Fighting       | 4 5 6 |  6.9
Throwing       | 4 7 |  7.7
Stealth        | |  1.0

Action                   |  1- 3 |  4- 6 |  7- 9 | 10-12 || total
-------------------------+-------+-------+-------+-------++-------
Melee: Unarmed           |   129 |   128 |   180 |   135 ||   572
       Punch             |       |     2 |     5 |     3 ||    10
Throw: Boomerang         |       |       |       |    12 ||    12
Evoke: Wand              |       |       |       |     1 ||     1
  Use: Scroll            |       |       |     3 |    10 ||    13
       Potion            |       |       |     1 |     4 ||     5
 Stab: Sleeping          |     3 |     2 |       |       ||     5
       Invisible         |       |     1 |       |       ||     1
Armor: Robe              |    65 |    48 |    40 |    28 ||   181
Dodge: Dodged            |    56 |    62 |    89 |    89 ||   296
Block: Other             |       |    17 |    32 |    39 ||    88
       Reflection        |       |       |     2 |     2 ||     4
